AoeStats
← Dougladhnn

Black Forest

503676123Analyzed
4v4 RM · 1mo ago on Sep 1, 2026· 61m 56s· 8 players
Game mode
Random Map
Map size
Large (8 player)
Population
200
Speed
Normal
Resources
Standard
Victory
Conquest
Starting age
Dark Age
Ending age
Imperial Age
RankedLock teamsTeams togetherTeam positionsShared explorationLock speedFull tech treeHidden civsTurbo modeCheats
Victory
Defeat
🇩🇪 Britons · Germany
799
+14
🇩🇪 Ethiopians · Germany
778
+15
🇩🇪 Franks · Germany
772
+15
🇩🇪 Teutons · Germany
770
+15
🇧🇷 Inca · Brazil
790
-17
🇹🇼 Mongols · Taiwan
754
-15
🇬🇪 Britons · Georgia
737
-14
🇹🇷 Turks · Türkiye
727
-14
Señor_Bingus
2:04 Loom
13:54 Feudal Age
16:43 Horse Collar
21:05 Castle Age
18:53 Double-Bit Axe
23:00 Pikeman
23:27 Arson
23:48 Squires
24:12 Forging
25:07 Bow Saw
25:24 Scale Mail Armor
27:32 Wheelbarrow
27:13 Heavy Plow
27:44 Arson
28:00 Squires
28:41 Man-at-Arms
29:07 Gambesons
29:38 Long Swordsman
33:02 Chain Mail Armor
33:23 Iron Casting
39:42 Hand Cart
39:13 Town Watch
45:18 Imperial Age
45:48 Capped Ram
45:48 Heavy Scorpion
45:52 Halberdier
45:53 Two-Handed Swordsman
49:15 Ballistics
53:17 Champion
61:25 Elite Teutonic Knight
TheL4TinZ9
10:55 Feudal Age
18:19 Castle Age
17:49 Horse Collar
19:28 Double-Bit Axe
21:51 Crossbowman
23:17 Heavy Plow
25:03 Fletching
27:04 Gold Mining
28:43 Bodkin Arrow
30:31 Gold Shaft Mining
35:16 Imperial Age
35:09 Padded Archer Armor
35:53 Bow Saw
35:23 Arbalester
36:43 Bracer
36:27 Capped Ram
37:48 Yeomen
38:53 Chemistry
40:57 Leather Archer Armor
41:16 Ballistics
41:02 Pikeman
43:01 Warwolf
47:25 Halberdier
51:27 Wheelbarrow
54:19 Ring Archer Armor
53:50 Scale Mail Armor
Boss_578
1:27 Loom
16:21 Feudal Age
19:02 Wheelbarrow
18:14 Double-Bit Axe
20:22 Scale Barding Armor
20:28 Forging
21:31 Forging
25:20 Castle Age
24:36 Stone Mining
24:37 Gold Mining
27:38 Husbandry
28:24 Chain Barding Armor
28:40 Iron Casting
28:18 Bow Saw
30:19 Hand Cart
29:49 Town Watch
30:59 Gold Shaft Mining
34:11 Padded Archer Armor
34:02 Fletching
34:23 Town Patrol
37:39 Imperial Age
36:05 Fortified Wall
35:50 Murder Holes
36:13 Masonry
39:28 Siege Engineers
39:54 Architecture
40:25 Chemistry
39:45 Ballistics
39:54 Cavalier
41:18 Plate Barding Armor
41:44 Blast Furnace
41:00 Leather Archer Armor
40:55 Chivalry
41:16 Conscription
41:17 Heavy Scorpion
42:22 Paladin
58:42 Light Cavalry
59:51 Bodkin Arrow
Kassiber
13:06 Feudal Age
16:55 Castle Age
15:14 Horse Collar
15:27 Double-Bit Axe
18:50 Wheelbarrow
18:33 Bow Saw
18:26 Heavy Plow
24:58 Hand Cart
24:57 Gold Mining
26:40 Gold Shaft Mining
25:59 Stone Mining
28:16 Stone Shaft Mining
32:44 Imperial Age
30:53 Ballistics
31:54 Murder Holes
32:12 Fortified Wall
32:01 Fletching
32:11 Padded Archer Armor
32:22 Forging
31:39 Crossbowman
32:25 Thumb Ring
31:41 Elite Skirmisher
32:44 Squires
32:30 Arson
33:02 Bodkin Arrow
33:08 Scale Mail Armor
33:22 Masonry
33:05 Halberdier
33:08 Arbalester
34:56 Chemistry
33:47 Guard Tower
33:47 Heated Shot
34:36 Torsion Engines
34:57 Conscription
36:51 Architecture
37:39 Bracer
37:55 Leather Archer Armor
40:15 Two-Man Saw
42:19 Husbandry
41:40 Light Cavalry
42:58 Iron Casting
42:54 Ring Archer Armor
45:07 Hussar
48:09 Blast Furnace
47:25 Chain Mail Armor
57:07 Scale Barding Armor
Fat_BoyXD
0:37 Loom
12:56 Feudal Age
16:17 Double-Bit Axe
22:56 Castle Age
21:49 Gold Mining
21:50 Stone Mining
21:43 Horse Collar
24:01 Wheelbarrow
25:58 Light Cavalry
26:52 Bloodlines
26:43 Husbandry
37:01 Forging
39:26 Gold Shaft Mining
39:06 Bow Saw
39:31 Ballistics
39:50 Iron Casting
39:20 Scale Barding Armor
39:09 Fletching
39:19 Padded Archer Armor
45:51 Caravan
49:45 Imperial Age
47:04 Town Watch
49:47 Chain Barding Armor
50:52 Conscription
54:24 Nomads
57:06 Nomads
59:57 Hand Cart
Dougladhnn
0:38 Loom
13:53 Feudal Age
14:39 Horse Collar
14:45 Double-Bit Axe
18:21 Wheelbarrow
18:24 Gold Mining
18:24 Stone Mining
23:10 Castle Age
22:52 Scale Mail Armor
23:02 Forging
24:07 Heavy Plow
24:19 Bow Saw
24:46 Gold Shaft Mining
25:49 Fortified Wall
27:12 Guard Tower
27:51 Andean Sling
28:32 Arson
28:28 Champi Runner
30:07 Ballistics
31:38 Squires
30:58 Pikeman
31:45 Pikeman
33:40 Hand Cart
34:30 Town Watch
35:09 Chain Mail Armor
35:17 Champi Warrior
39:01 Thumb Ring
42:02 Imperial Age
42:07 Treadmill Crane
49:01 Conscription
48:43 Fabric Shields
48:23 Elite Kamayuk
48:57 Halberdier
50:37 Crossbowman
53:42 Chemistry
54:12 Arbalester
54:40 Elite Champi Warrior
avto.kakhishvili1
1:02 Loom
12:11 Feudal Age
16:37 Castle Age
14:35 Double-Bit Axe
14:55 Horse Collar
16:43 Wheelbarrow
16:07 Gold Mining
19:04 Hand Cart
23:19 Stone Mining
24:06 Gold Shaft Mining
24:33 Bow Saw
24:33 Fletching
24:43 Padded Archer Armor
27:34 Caravan
32:13 Imperial Age
30:18 Bodkin Arrow
31:09 Leather Archer Armor
32:36 Elite Longbowman
33:28 Bracer
33:59 Ring Archer Armor
34:31 Ballistics
35:14 Chemistry
35:28 Yeomen
37:13 Warwolf
39:20 Elite Skirmisher
49:58 Crossbowman
51:11 Onager
53:02 Two-Man Saw
51:42 Arbalester
53:39 Heavy Plow
54:55 Pikeman
bigame
11:26 Feudal Age
18:40 Castle Age
33:06 Imperial Age
31:33 Wheelbarrow
30:40 Horse Collar
30:57 Double-Bit Axe
31:27 Heavy Plow
31:49 Bow Saw
31:53 Gold Mining
33:20 Gold Shaft Mining
32:51 Stone Mining
33:55 Hand Cart
34:30 Ballistics
34:24 Elite Janissary
35:28 Conscription
36:45 Two-Man Saw
36:24 Fletching
36:35 Padded Archer Armor
36:46 Forging
36:42 Scale Mail Armor
36:47 Scale Barding Armor
39:31 Bodkin Arrow
39:52 Leather Archer Armor
40:13 Iron Casting
39:53 Chain Mail Armor
42:39 Bracer
57:57 Squires
57:42 Arson
58:38 Squires
Connection lost

Rejoining the realm…

Still unreachable

The connection could not be restored.

Session expired

The server has moved on; the page needs a fresh start.